 Dungeon Crawl Stone Soup version 0.29.1-1-gd02db6906a (webtiles) character file.

Game seed: 2723351323778975405

25 Ashen the Chiller (level 2, -3/19 HPs)
             Began as a Demonspawn Ice Elementalist on Oct 20, 2022.
             Slain by an orc
             ... wielding a +0 flail
              (5 damage)
             ... on level 1 of the Dungeon.
             The game lasted 00:02:39 (904 turns).

Ashen the Chiller (Demonspawn Ice Elementalist)      Turns: 904, Time: 00:02:41

Health: -3/19      AC:  4    Str: 14    XL:     2   Next: 86%
Magic:  3/5        EV: 12    Int: 16    God:
Gold:   51         SH:  0    Dex: 13    Spells: 4/5 levels left

rFire   . . .      SeeInvis .   (no weapon)
rCold   . . .      Faith    .   (no shield)
rNeg    + . .      Spirit   .   a - +0 robe
rPois   .          Reflect  .   (no helmet)
rElec   .          Harm     .   (no cloak)
rCorr   .          Rampage  .   (no gloves)
Will    .....                   (no boots)
Stlth   ++........              (no amulet)
HPRegen 0.06/turn               f - ring of positive energy
MPRegen 0.09/turn               m - +6 ring of strength

@: very slightly contaminated
A: slimy green scales 1
a: no special abilities


You were on level 1 of the Dungeon.
You visited 1 branch of the dungeon, and saw 2 of its levels.

You collected 51 gold pieces.

Inventory:

Armour
 a - a +0 robe (worn)
 e - an orb of energy
Jewellery
 f - a ring of positive energy (left hand)
 m - a +6 ring of strength (right hand)
Scrolls
 c - a scroll of magic mapping {unknown}
 h - a scroll of fog {unknown}
 j - 2 scrolls of fear {unknown}
 k - a scroll of noise {unknown}
 l - 2 scrolls of teleportation {unknown}
Potions
 b - a potion of magic
 d - a potion of brilliance {unknown}
 g - 2 potions of degeneration {unknown}
 i - a potion of attraction {unknown}
 n - a potion of curing {unknown}


   Skills:
 + Level 2.1 Dodging
 + Level 2.2 Stealth
 + Level 2.3 Spellcasting
 + Level 3.8 Ice Magic


You had 4 spell levels left.
You knew the following spells:

 Your Spells              Type           Power      Damage    Failure   Level
a - Freeze                Ice            56%        1d7       4%          1

Your spell library contained the following spells:

 Spells                   Type           Power      Damage    Failure   Level
 Frozen Ramparts          Ice            28%        1d5       12%         3
 Ozocubu's Armour         Ice            14%        N/A       12%         3
 Hailstorm                Conj/Ice       8%         3d4       65%         4


Dungeon Overview and Level Annotations

Branches:
Dungeon (2/15)

Altars:

Annotations:
D:1 1 runed translucent door
D:2 Jessica


Innate Abilities, Weirdness & Mutations

You are partially covered in slimy green scales. (AC +2)


Message History

Your magical contamination has completely faded away.
You closely miss the orc.
The orc is almost dead.
The orc barely misses you.
The orc shouts!
You hit the orc.
You kill the orc!
You climb upwards.
Level annotation: 1 runed translucent door
There is a stone staircase leading down here.
You start resting.
Magic restored.
You climb downwards.
Level annotation: Jessica The orc hits you with a +0 flail!
* * * LOW HITPOINT WARNING * * *
There is a stone staircase leading up here.
The orc barely misses you. The orc closely misses you.
You climb upwards.
Level annotation: 1 runed translucent door
There is a stone staircase leading down here.
Casting: Freeze (safe; 4% risk of failure)
Confirm with . or Enter, or press ? or * to list all spells.
Aiming: Freeze (safe; 4% risk of failure)
Press: ? - help, Shift-Dir - straight line, f - orc
Aim: an orc, wielding a +0 hand axe and wearing a +0 leather armour You miscast Freeze.
You are very lightly contaminated with residual magic.
Nothing appears to happen.
The orc hits you but does no damage. The orc hits you with a +0 hand axe.
* * * LOW HITPOINT WARNING * * *
Casting: Freeze (safe; 4% risk of failure)
Confirm with . or Enter, or press ? or * to list all spells.
Aiming: Freeze (safe; 4% risk of failure)
Press: ? - help, Shift-Dir - straight line, f/p - orc
Aim: an orc, wielding a +0 hand axe and wearing a +0 leather armour You freeze the orc.
You kill the orc!
The orc hits you with a +0 flail.
You die...

####### #.....#
#.....# #.....#
#####.....###
#...........######
#)o.......#......#
#@................
###...............
##...............
##................
##............###+#
#.............#..⌠.
#.............#....
#.............'⌠...
#.............#....


You could see an orc.

Vanquished Creatures
  2 orcs
  3 ball pythons (D:1)
  3 bats (D:1)
  3 endoplasms (D:1)
  A giant cockroach (D:1)
  A goblin (D:1)
  A hobgoblin (D:2)
  A kobold (D:1)
  A quokka (D:2)
  3 frilled lizards (D:1)
  4 rats
23 creatures vanquished.

Notes
Turn   | Place    | Note
-------+----------+-------------------------------------------
     0 | D:1      | Ashen the Demonspawn Ice Elementalist began the quest for
                  | the Orb.
     0 | D:1      | Reached XP level 1. HP: 13/13 MP: 3/3
     1 | D:1      | Found a runed translucent door.
   193 | D:1      | Found a faded altar of an unknown god.
   230 | D:1      | Gained mutation: You are partially covered in slimy green
                  | scales. (AC +2) [demonic ancestry]
   230 | D:1      | Reached XP level 2. HP: 16/19 MP: 1/5
   834 | D:2      | Noticed Jessica
   904 | D:1      | Slain by an orc

Illustrated notes

Levels and vault maps discovered:
D:1:      dpeg_arrival_caged_fury, layout_rooms,
          hellmonk_ecumenical_altar_run_dry, hangedman_decor_push
D:2:      layout_basic, minmay_pentomino_v4, uniq_jessica

Skill      XL: |  1 |
---------------+----+-----
Stealth        | 2 |  2.2
Dodging        | 2 |  2.1
Spellcasting   | |  2.3
Ice Magic      | |  3.8

Action                   || total
-------------------------++-------
Melee: Unarmed           ||    18
 Cast: Freeze            ||    34
 Stab: Sleeping          ||     2
Armor: Robe              ||    16
Dodge: Dodged            ||    34
